 Dungeon Crawl Stone Soup version 0.27-a0-686-gaed091b46b (webtiles) character file.

Game seed: 937985145269000922

3693 Essalna the Thaumaturge (level 9, -3/51 HPs)
             Began as a Deep Elf Fire Elementalist on Mar 21, 2021.
             Was a Follower of Vehumet.
             Slain by a hornet zombie (12 damage)
             ... in an ossuary.
             The game lasted 00:24:19 (11039 turns).

Essalna the Thaumaturge (DEFE)                     Turns: 11039, Time: 00:24:19

Health: -3/51      AC:  2    Str:  5    XL:     9   Next: 90%
Magic:  1/25       EV: 16    Int: 26    God:    Vehumet [*.....]
Gold:   292        SH:  0    Dex: 15    Spells: 18/28 levels left

rFire    . . .     SeeInvis +   w - +1 hand axe of the Unstoppable Youths {venom, +Inv rPois Int+2 SInv}
rCold    . . .     Faith    .   (no shield)
rNeg     . . .     Spirit   .   a - +0 robe
rPois    +         Reflect  .   (no helmet)
rElec    .         Harm     .   (no cloak)
rCorr    .         Rampage  .   (no gloves)
Will     .....                  (no boots)
Stlth    ++........             l - amulet of regeneration
HPRegen  1.17/turn              n - +4 ring of evasion
MPRegen  0.19/turn              v - ring of poison resistance

@: no status effects
A: no striking features
a: Renounce Religion, Evoke Invisibility


You were in an ossuary.
You worshipped Vehumet.
Vehumet was aware of your devotion.
You visited 1 branch of the dungeon, and saw 8 of its levels.
You also visited: Ossuary.

You collected 292 gold pieces.

Inventory:

Hand Weapons
 b - a +0 dagger
 w - the +1 hand axe of the Unstoppable Youths (weapon) {venom, +Inv rPois Int+2 SInv}
   (You found it on level 6 of the Dungeon)

   It poisons the flesh of those it strikes.
   It affects your intelligence (+2).
   It protects you from poison.
   It lets you see invisible.
   It lets you turn invisible.
Armour
 a - a +0 robe (worn)
Jewellery
 c - an amulet of the acrobat
 l - an amulet of regeneration (around neck)
 n - a +4 ring of evasion (right hand)
 v - a ring of poison resistance (left hand)
 B - a ring of resist corrosion
Wands
 d - a wand of charming (12)
 x - a wand of polymorph (12)
Scrolls
 e - 3 scrolls of identify
 g - 2 scrolls of enchant weapon {unknown}
 h - 2 scrolls of blinking {unknown}
 i - a scroll of fog {unknown}
 m - 2 scrolls of amnesia {unknown}
 o - a scroll of noise {unknown}
 p - a scroll of summoning {unknown}
 y - a scroll of enchant armour {unknown}
 C - a scroll of magic mapping {unknown}
 D - a scroll of brand weapon {unknown}
Potions
 j - a potion of berserk rage
 k - a potion of haste {unknown}
 q - a potion of cancellation {unknown}
 r - a potion of brilliance {unknown}
 s - 2 potions of lignification {unknown}
 t - 2 potions of curing {unknown}
 u - a potion of attraction {unknown}
 z - a potion of might {unknown}


   Skills:
 + Level 3.2 Fighting
 + Level 3.2 Armour
 - Level 2.4 Dodging
 - Level 2.4 Stealth
 + Level 10.1 Spellcasting
 + Level 8.2 Conjurations
 + Level 8.9 Fire Magic


You had 18 spell levels left.
You knew the following spells:

 Your Spells              Type           Power      Damage    Failure   Level
a - Foxfire               Conj/Fire      100%       2x1d9     1%          1
b - Sticky Flame          Conj/Fire      55%        2d7       1%          4
c - Fireball              Conj/Fire      27%        3d12      3%          5

Your spell library contained the following spells:

 Spells                   Type           Power      Damage    Failure   Level
 Sandblast                Erth           26%        2d8       4%          1
 Magic Dart               Conj           100%       1d8       1%          1
 Conjure Flame            Conj/Fire      55%        6-21      1%          3
 Inner Flame              Hex/Fire       36%        N/A       2%          3
 Beastly Appendage        Tmut           26%        N/A       4%          1
 Freeze                   Ice            52%        1d7       4%          1
 Wereblood                Tmut           13%        N/A       7%          2
 Hailstorm                Conj/Ice       34%        3d9       9%          4
 Frozen Ramparts          Ice            26%        1d4       14%         3
 Ozocubu's Armour         Ice            13%        N/A       14%         3
 Spider Form              Tmut/Pois      6%         N/A       14%         3
 Ice Form                 Ice/Tmut       13%        N/A       41%         4
 Summon Ice Beast         Ice/Summ       13%        N/A       41%         4
 Blade Hands              Tmut           6%         N/A       77%         5


Dungeon Overview and Level Annotations

Branches:
Dungeon (8/15)             Temple (0/1) D:7         Ossuary (1/1)
   Lair: D:8-11

Altars:
Cheibriados
Gozag
Kikubaaqudgha
Okawaru
Ru
Sif Muna
Trog
Uskayaw
Vehumet
Wu Jian
Xom
Zin
Lugonu

Shops:
D:6 (

Portals:
Abyss: D:5


Message History

The hornet zombie completely misses you.
You hit the hornet zombie.
The hornet zombie is heavily damaged.
The hornet zombie hits you. The hornet zombie closely misses you.
You barely miss the hornet zombie.
The hornet zombie is heavily damaged.
The hornet zombie misses you. The hornet zombie hits you!
You are too injured to fight recklessly!
You are too injured to fight recklessly!
You hit the hornet zombie.
The hornet zombie is heavily damaged.
The hornet zombie hits you!
You are too injured to fight recklessly!
Casting: Foxfire (safe; 1% risk of failure)
Confirm with . or Enter, or press ? or * to list all spells.
You conjure some foxfire!
The hornet zombie misses you. The hornet zombie barely misses you.
You hit the hornet zombie.
The hornet zombie is heavily damaged.
The foxfire hits the hornet zombie but does no damage.
The hornet zombie is heavily damaged.
The foxfire hits the hornet zombie.
The hornet zombie is severely damaged.
The hornet zombie barely misses you.
Casting: Foxfire (safe; 1% risk of failure)
Confirm with . or Enter, or press ? or * to list all spells.
You conjure some foxfire!
The hornet zombie hits you. The hornet zombie hits you!
* * * LOW HITPOINT WARNING * * *
You hit the hornet zombie.
The hornet zombie is severely damaged.
You hit the leopard gecko zombie.
The foxfire hits the leopard gecko zombie.
The leopard gecko zombie is severely damaged.
The foxfire hits the hornet zombie but does no damage.
The hornet zombie is severely damaged.
The leopard gecko zombie bites you.
* * * LOW HITPOINT WARNING * * *
The hornet zombie hits you!
You die...

≈## ≈≈#
≈≈#≈ ≈≈'
#≈≈# .≈#
#≈≈##Z#
#≈..≈≈
#≈≈§#####
#P.≈#..∩#
#.'.Z@#
#..≈#.Z.#
#≈≈#§§#####
#≈#P..≈ #
###+#


You could see a leopard gecko zombie and a hornet zombie.

Vanquished Creatures
  An orc knight (D:7)
  A troll (D:7)
  A slime creature (D:7)
  A vampire (D:7)
  Duvessa (D:6)
  An orc warrior (D:7)
  An ice beast (D:5)
  3 ogres
  A sky beast (D:7)
  A necrophage (D:8)
  2 centaurs
  2 phantoms
  2 bullfrogs
  Dowan (D:6)
  4 killer bees (D:4)
  2 howler monkeys (D:7)
  A bullfrog zombie (D:5)
  A centaur zombie (Ossuary)
  6 hounds
  6 orc priests
  A jelly (D:5)
  2 centaur skeletons
  An iguana (D:4)
  3 worker ants
  10 orc wizards
  A hound skeleton (D:6)
  5 mummies
  9 adders
  2 shadow imps (D:7)
  A white imp (D:7)
  An ufetubus (D:5)
  An ooze (D:2)
  An adder skeleton (D:4)
  2 adder zombies (Ossuary)
  5 worms (D:3)
  2 dart slugs
  3 leopard geckos
  35 orcs
  7 bats
  5 giant cockroaches
  5 goblins
  4 hobgoblins
  4 jackals (D:1)
  4 quokkas
  A ball python (D:7)
  5 frilled lizards
  6 kobolds
  A leopard gecko skeleton (D:5)
  2 leopard gecko zombies
  A quokka skeleton (D:7)
  13 rats
  2 lurking horrors (D:5)
184 creatures vanquished.

Vanquished Creatures (collateral kills)
  A foxfire (Ossuary)
1 creature vanquished.

Vanquished Creatures (others)
  1212 foxfires
  4 withered plants (Ossuary)
1216 creatures vanquished.

Grand Total: 1401 creatures vanquished

Notes
Turn   | Place    | Note
-------+----------+-------------------------------------------
     0 | D:1      | Essalna the Deep Elf Fire Elementalist began the quest for
                  | the Orb.
     0 | D:1      | Reached XP level 1. HP: 10/10 MP: 6/6
   238 | D:1      | Reached XP level 2. HP: 15/15 MP: 5/8
  2005 | D:2      | Reached XP level 3. HP: 19/19 MP: 7/10
  2452 | D:2      | Reached skill level 4 in Spellcasting
  3079 | D:3      | Reached XP level 4. HP: 24/24 MP: 0/12
  3477 | D:3      | Found an ornate altar of the Wu Jian Council.
  4540 | D:3      | Noticed a moth of wrath
  4542 | D:3      | Found a bloodstained altar of Trog.
  4927 | D:5      | Entered Level 5 of the Dungeon
  4933 | D:5      | Reached XP level 5. HP: 28/28 MP: 8/14
  5057 | D:5      | Reached skill level 5 in Spellcasting
  5069 | D:5      | Noticed a phantom
  5084 | D:5      | Killed a phantom
  5085 | D:5      | Reached skill level 5 in Fire Magic
  5178 | D:5      | Found a corrupted altar of Lugonu.
  5220 | D:4      | Reached XP level 6. HP: 32/32 MP: 10/16
  5225 | D:4      | Learned a level 4 spell: Sticky Flame
  5231 | D:4      | Learned a level 5 spell: Fireball
  5667 | D:4      | Reached skill level 6 in Spellcasting
  5731 | D:4      | Reached XP level 7. HP: 36/36 MP: 12/18
  6028 | D:4      | Reached skill level 5 in Conjurations
  6213 | D:4      | Reached skill level 7 in Spellcasting
  7081 | D:5      | Reached XP level 8. HP: 33/41 MP: 12/21
  7632 | D:5      | Found a snail-covered altar of Cheibriados.
  7636 | D:5      | Found a glowing silver altar of Zin.
  7649 | D:5      | Found an iron altar of Okawaru.
  7859 | D:5      | Found a one-way gate to the infinite horrors of the Abyss.
  7954 | D:5      | Reached skill level 8 in Spellcasting
  8269 | D:6      | Noticed Duvessa
  8271 | D:6      | Noticed Dowan
  8280 | D:6      | Killed Duvessa
  8284 | D:6      | Killed Dowan
  8480 | D:6      | Identified the +1 hand axe of the Unstoppable Youths
                  | {venom, +Inv rPois Int+2 SInv}
  8502 | D:6      | Found Tihuropn's Weapon Shoppe.
  8930 | D:6      | Found a radiant altar of Vehumet.
  8930 | D:6      | Found an ancient bone altar of Kikubaaqudgha.
  8977 | D:6      | Found a shimmering blue altar of Sif Muna.
  8984 | D:6      | Identified Vehumet's Almanac of Blows and Bruises
  8987 | D:6      | Became a worshipper of Vehumet
  9117 | D:6      | Found a hide-covered altar of Uskayaw.
  9117 | D:6      | Found an opulent altar of Gozag.
  9157 | D:7      | Reached skill level 1 in Armour
  9210 | D:7      | Reached skill level 1 in Fighting
  9550 | D:7      | Reached skill level 9 in Spellcasting
  9681 | D:7      | Found a shimmering altar of Xom.
  9750 | D:7      | Reached XP level 9. HP: 43/47 MP: 16/24
  9947 | D:7      | Noticed an orc knight
 10018 | D:7      | Killed an orc knight
 10186 | D:7      | Found a sacrificial altar of Ru.
 10406 | D:7      | Found a staircase to the Ecumenical Temple.
 10824 | D:7      | Noticed a troll
 10836 | D:7      | Killed a troll
 10837 | D:7      | Reached skill level 10 in Spellcasting
 10884 | D:8      | Reached * piety under Vehumet
 10884 | D:8      | Offered knowledge of Sandblast by Vehumet.
 10922 | D:8      | Found a sand-covered staircase.
 10929 | Ossuary  | Entered an ossuary
 11039 | Ossuary  | Slain by a hornet zombie

Illustrated notes

Levels and vault maps discovered:
D:1:      evilmike_arrival_fibonacci_small, layout_basic,
          hangedman_feature_mirror, hex_intersection, minmay_pentomino_q4
D:2:      layout_basic
D:3:      layout_basic, tgw_trog, lemuel_round_altar
D:4:      layout_gridville
D:5:      layout_basic, grunt_temple_overflow_open,
          amcnicky_altar_lugonu_corruption
D:6:      layout_basic, grunt_temple_overflow_magic_moments,
          gammafunk_temple_overflow_elements, serial_shops, nicolae_shop_stone,
          uniq_duvessa
D:7:      layout_basic, kennysheep_mini_moat, kennysheep_little_box,
          temple_pool_b, minmay_the_grid_2x2 [minmay_the_grid_diamond_grid,
          minmay_the_grid_box_x, minmay_the_grid_armoury,
          minmay_the_grid_prize_shrinking_boxes]
D:8:      minmay_cut_squares, layout_rooms, basic_altar,
          gup_ossuary_entry_pyramid, hex_tiny, kennysheep_small_square
Ossuary:  ossuary_zaba_flooded

Skill      XL: |  1  2  3  4  5  6  7  8  9 |
---------------+----------------------------+-----
Conjurations   | 2 3 4 5 7 8 |  8.2
Spellcasting   | 4 5 6 7 9 10 | 10.1
Fire Magic     | 4 5 6 8 |  8.9
Armour         | 1 3 |  3.2
Fighting       | 1 3 |  3.2
Dodging        | |  2.4
Stealth        | |  2.4

Action                   |  1- 3 |  4- 6 |  7- 9 || total
-------------------------+-------+-------+-------++-------
Melee: Unarmed           |     5 |       |       ||     5
       Dagger            |    12 |    12 |    12 ||    36
       Hand axe          |       |       |    35 ||    35
 Cast: Foxfire           |   142 |   186 |   427 ||   755
       Sticky Flame      |       |       |    14 ||    14
       Fireball          |       |       |     2 ||     2
  Use: Potion            |       |     2 |     3 ||     5
       Scroll            |       |     2 |     3 ||     5
 Stab: Sleeping          |     1 |       |       ||     1
Armor: Robe              |     1 |     6 |    10 ||    17
Dodge: Dodged            |     7 |    38 |   124 ||   169

Table legend: (Time is in decaauts)
 A = Elapsed time spent in this place.
 B = Non-inter-level travel time spent in this place.
 C = Inter-level travel time spent in this place.
 D = Time resting spent in this place.
 E = Time spent auto-exploring this place.
 F = Levels seen in this place.
 G = Mean time per level.
                   A        B        C        D        E       F      G
               +--------+--------+--------+--------+--------+-----+--------+
         Total |  11053 |  10592 |    461 |      0 |   8971 |   9 | 1228.1 |
       Dungeon |  10939 |  10478 |    461 |      0 |   8920 |   8 | 1367.4 |
       Ossuary |    113 |    113 |      0 |      0 |     51 |   1 |  113.0 |
               +--------+--------+--------+--------+--------+-----+--------+

Top non-repeatable levels by time:
     D:3: 1845 daAuts
     D:1: 1811 daAuts
     D:7: 1728 daAuts
     D:4: 1587 daAuts
     D:5: 1586 daAuts
     D:2: 1371 daAuts
     D:6: 954 daAuts
 Ossuary: 113 daAuts
     D:8: 55 daAuts
